 Dungeon Crawl Stone Soup version 0.13.1-22-g086cdba (webtiles) character file.

350 Kae the Insei (level 5, -2/40 HPs)
             Began as a Draconian Transmuter on Dec 31, 2013.
             Slain by an ogre
             ... wielding a +0,+0 giant spiked club
              (16 damage)
             ... on Level 4 of the Dungeon.
             The game lasted 00:04:13 (2489 turns).

Kae the Insei (Draconian Transmuter)                Turns: 2489, Time: 00:04:13

HP  -2/40        AC  2     Str 12      XL: 5   Next: 71%
MP   4/7         EV 19     Int 14      God:
Gold 121         SH  0     Dex 17      Spells:  3 memorised,  2 levels left

Res.Fire  : . . .   See Invis. : .     - Unarmed
Res.Cold  : . . .   Warding    : .   (armour unavailable)
Life Prot.: . . .   Conserve   : .   (shield currently unavailable)
Res.Poison: x       Res.Corr.  : .   (helmet currently unavailable)
Res.Elec. : .       Clarity    : .   (cloak currently unavailable)
Sust.Abil.: . .     Spirit.Shd : .   (gloves currently unavailable)
Res.Mut.  : .       Stasis     : .   (boots currently unavailable)
Res.Rott. : .       Flight     : .   (no amulet)
Saprovore : . . .                    (no ring)
                                     (no ring)

@: spider-form (expiring), quick, slightly resistant to hostile enchantments,
unstealthy
A: unfitting armour, AC +5
a: End Transformation


You were on level 4 of the Dungeon.
You were very hungry.
You were in spider-form.
You visited 1 branch of the dungeon, and saw 4 of its levels.

You collected 101 gold pieces.

Inventory:

Missiles
 b - 30 arrows
Comestibles
 a - 3 bread rations
 o - a pear
 t - a cheese
 A - an apple
Scrolls
 g - 2 scrolls of remove curse {unknown}
 i - 2 scrolls of curse weapon {unknown}
 j - a scroll of identify {unknown}
 k - 2 scrolls of magic mapping {unknown}
 m - a scroll of amnesia {unknown}
 p - a scroll of enchant weapon I {unknown}
 r - 2 scrolls of recharging {unknown}
 s - 3 scrolls of teleportation {unknown}
 x - a scroll of fog {unknown}
Jewellery
 e - an uncursed ring of positive energy {unknown}
 l - an uncursed ring of flight {unknown}
 y - an uncursed ring of sustenance {unknown}
 D - a +3 ring of strength {unknown}
Potions
 c - a potion of mutation {unknown}
 f - a potion of invisibility {unknown}
 h - 3 potions of restore abilities {unknown}
 n - 3 potions of curing {unknown}
 q - 2 potions of speed {unknown}
 u - 2 potions of poison {unknown}
 v - a potion of magic {unknown}
 w - a potion of paralysis {unknown}
 z - 2 potions of agility {unknown}
 B - 2 potions of heal wounds {unknown}
Books
 d - a book of Changes

   Spells                             Type                      Level
   *Beastly Appendage                 Transmutation                1
   *Sticks to Snakes                  Transmutation                2
   *Spider Form                       Transmutation/Poison         3
   Ice Form                           Ice/Transmutation            4
   Blade Hands                        Transmutation                5
 C - a book of Alchemy

   Spells                             Type                      Level
   Lethal Infusion                    Charms/Necromancy            2
   Sublimation of Blood               Necromancy                   2
   Condensation Shield                Ice                          4
   Alistair's Intoxication            Transmutation/Poison         4
   Petrify                            Transmutation/Earth          4
   Ignite Poison                      Fire/Transmutation           5


   Skills:
 - Level 1.1 Fighting
 - Level 1.7 Dodging
 * Level 5.2 Unarmed Combat
 - Level 2.0 Spellcasting
 + Level 4.2 Transmutations


You had 2 spell levels left.
You knew the following spells:

 Your Spells              Type           Power        Failure   Level  Hunger
a - Beastly Appendage     Trmt           ##....       14%         1    ##.....
b - Sticks to Snakes      Trmt           ##........   24%         2    ###....
c - Spider Form           Trmt/Pois      #.........   52%         3    ####...


Dungeon Overview and Level Annotations

Branches:
Dungeon (4/27)
 Temple: D:4-7

Altars:
Nemelex Xobeh


Message History

Found a scroll labeled CHEYGO GHEMPU.
Your transformation has ended.
You fall off the wall.
You completely miss the ogre.
The ogre is heavily wounded.
The ogre looks more healthy.
The ogre barely misses you.
Casting: Spider Form
Confirm with . or Enter, or press ? or * to list all spells.
You don't know that spell.
Casting: Spider Form
Confirm with . or Enter, or press ? or * to list all spells.
You turn into a venomous arachnid creature.
Your transformation is almost over.
The ogre hits you with a giant spiked club!
Ouch! That really hurt!
* * * LOW HITPOINT WARNING * * *
You hit the ogre.
The ogre is poisoned.
The ogre is heavily wounded.
The ogre hits you with a giant spiked club!
You die...

.. #.# ....#
#..# #.# ###.. .
...####.##
##..#.#.....# .
............# ..
O#.#.##.....# .#
.# #.##..>..# .
.. #.##.....# .#
#.####s.## ###>#
#.####O.# ##.#.#
#.......#
#<#..###.####.##
#.###..#...###.#
..# #.....O...#
.## #......###.#
#...........#
..........###


You could see an ogre.

Vanquished Creatures
  A crimson imp (D:3)
  An orc priest (D:3)
  An orc wizard (D:3)
  A worker ant (D:4)
  2 adders
  A giant mite (D:2)
  2 worms (D:2)
  An adder skeleton (D:4)
  A giant gecko (D:3)
  2 oozes (D:2)
  4 orcs
  3 ball pythons
  9 giant cockroaches
  6 goblins
  5 hobgoblins
  3 kobolds (D:3)
  4 quokkas
  9 bats
  4 giant newts
  7 rats
67 creatures vanquished.

Notes
Turn   | Place    | Note
--------------------------------------------------------------
     0 | D:1      | Kae, the Draconian Transmuter, began the quest for the Orb.
     0 | D:1      | Reached XP level 1. HP: 16/16 MP: 1/1
   136 | D:1      | Reached XP level 2. HP: 20/23 MP: 3/3
   140 | D:1      | Learned a level 2 spell: Sticks to Snakes
   680 | D:2      | Reached XP level 3. HP: 19/28 MP: 2/4
  1448 | D:2      | Reached XP level 4. HP: 35/35 MP: 4/6
  1521 | D:2      | Found a sparkling altar of Nemelex Xobeh.
  1532 | D:2      | Reached skill level 4 in Unarmed Combat
  1715 | D:3      | Learned a level 3 spell: Spider Form
  2094 | D:3      | Reached XP level 5. HP: 38/40 MP: 7/7
  2293 | D:4      | Noticed an ogre
  2347 | D:4      | Reached skill level 5 in Unarmed Combat
  2489 | D:4      | Slain by an ogre

Action                   |  1- 3 |  4- 6 || total
-------------------------+-------+-------++-------
Melee: Unarmed           |   144 |   112 ||   256
 Cast: Beastly Appendage |    15 |    17 ||    32
       Spider Form       |       |     2 ||     2
